 Dungeon Crawl Stone Soup version 0.30.2 (webtiles) character file.

Game seed: 4774663244211385826

11866 Ashen the Ogre Mage (level 11, -3/111 HPs)
             Began as an Ogre Hedge Wizard on Jan 22, 2024.
             Was a Follower of Vehumet.
             Slain by a boulder beetle (17 damage)
             ... on level 11 of the Dungeon.
             The game lasted 00:56:23 (13913 turns).

Ashen the Ogre Mage (Ogre Hedge Wizard)            Turns: 13913, Time: 00:56:23

Health: -3/111     AC:  6    Str: 16    XL:     11   Next: 84%
Magic:  25/25      EV: 11    Int: 19    God:    Vehumet [*.....]
Gold:   296        SH:  0    Dex:  8    Spells: 10/31 levels left

rFire   . . .        D - +2 morningstar (holy)
rCold   + . .        (no shield)
rNeg    . . .        z - +2 robe {rC+}
rPois   .            c - +0 hat
rElec   .            b - +0 cloak
rCorr   .            (gloves unavailable)
SInv    .            (boots unavailable)
Will    +....        m - amulet of magic regeneration
Stlth   ++           (no ring)
HPRegen 0.38/turn    (no ring)
MPRegen 0.59/turn

%: no passive effects
@: no status effects
A: large, unfitting armour, tough skin 1
a: Renounce Religion


You were on level 11 of the Dungeon.
You worshipped Vehumet.
Vehumet was aware of your devotion.
You visited 3 branches of the dungeon, and saw 13 of its levels.

You collected 455 gold pieces.
You spent 159 gold pieces at shops.

Inventory:

Hand Weapons
 n - a +0 giant spiked club
 v - a +3 dire flail of holy wrath
 y - a +1 whip of freezing
 D - a +2 morningstar of holy wrath (weapon)
 L - a +0 whip of venom
 O - a +0 giant spiked club
Missiles
 e - a throwing net
Armour
 b - a +0 cloak (worn)
 c - a +0 hat (worn)
 z - a +2 robe of cold resistance (worn)
 P - +0 acid dragon scales
Jewellery
 m - an amulet of magic regeneration (around neck)
Wands
 q - a wand of polymorph (9)
 A - a wand of light (12)
 C - a wand of flame (32)
 F - a wand of charming (1)
 I - a wand of mindburst (9)
Scrolls
 f - a scroll of fog
 j - 2 scrolls of magic mapping {unknown}
 k - 2 scrolls of noise {unknown}
 r - 2 scrolls of poison {unknown}
 t - 2 scrolls of enchant weapon {unknown}
 u - 3 scrolls of teleportation
 w - 4 scrolls of vulnerability {unknown}
 x - a scroll of fear {unknown}
 E - a scroll of blinking {unknown}
 G - a scroll of brand weapon {unknown}
 K - a scroll of enchant armour {unknown}
 N - 3 scrolls of identify
 Q - 2 scrolls of torment {unknown}
Potions
 a - 3 potions of brilliance
 d - 2 potions of magic
 g - 4 potions of flight
 h - 2 potions of might
 i - a potion of haste {unknown}
 l - a potion of cancellation {unknown}
 o - a potion of ambrosia {unknown}
 p - 2 potions of invisibility {unknown}
 B - 5 potions of curing
 H - 2 potions of lignification {unknown}
 J - 2 potions of attraction {unknown}


   Skills:
 + Level 8.1 Fighting
 + Level 5.6 Maces & Flails
 + Level 6.0 Dodging
 - Level 3.0 Stealth
 * Level 10.5 Spellcasting
 * Level 8.2 Conjurations
 - Level 1.0 Summonings
 - Level 1.0 Translocations
 * Level 4.6 Ice Magic
 * Level 4.6 Air Magic


You had 10 spell levels left.
You knew the following spells:

 Your Spells              Type           Power      Damage    Failure   Level
a - Magic Dart            Conj           100%       1d8       1%          1
b - Slow                  Hex            36%        N/A       7%          1
c - Blink                 Tloc           26%        N/A       7%          2
d - Call Imp              Summ           26%        N/A       7%          2
e - Cigotuvi's Dreadful   Necr/Pois/Air  30%        N/A       5%          2
f - Mephitic Cloud        Conj/Pois/Air  26%        N/A       3%          3
g - Poisonous Vapours     Pois/Air       36%        N/A       4%          2
h - Freezing Cloud        Conj/Ice/Air   16%        6-21      19%         5
i - Stone Arrow           Conj/Erth      50%        3d10      3%          3

Your spell library contained the following spells:

 Spells                   Type           Power      Damage    Failure   Level
 Kiss of Death            Conj/Necr      100%       2d13      1%          1
 Ensorcelled Hibernation  Hex/Ice        36%        N/A       4%          2
 Beastly Appendage        Tmut           18%        N/A       7%          1
 Sandblast                Erth           18%        2d7       7%          1
 Passwall                 Tmut/Erth      7%         N/A       11%         2
 Wereblood                Tmut           9%         N/A       11%         2
 Spider Form              Tmut/Pois      9%         N/A       22%         3
 Summon Lightning Spire   Summ/Air       20%        N/A       22%         4
 Anguish                  Hex/Necr       4%         N/A       56%         4
 Summon Forest            Summ/Tloc      6%         N/A       78%         5
 Eringya's Noxious Bog    Tmut/Pois      4%         N/A       100%        6
 Storm Form               Tmut/Air       9%         N/A       100%        7
 Summon Hydra             Summ           6%         N/A       100%        7
 Maxwell's Capacitive Co  Air            13%        ∞         100%        8


Dungeon Overview and Level Annotations

Branches:
Dungeon (11/15)            Temple (1/1) D:7            Lair (0/5) D:10
    Orc (1/2) D:9

Altars:
Ashenzari
Cheibriados
Dithmenos
Elyvilon
Fedhas
Gozag
Hepliaklqana
Kikubaaqudgha
Makhleb
Nemelex Xobeh
Okawaru
Qazlal
Ru
Sif Muna
Trog
Uskayaw
Vehumet
Wu Jian
Yredelemnul
Zin
The Shining One

Shops:
D:8 *

Annotations:
D:10 exclusion: shadow, Urug


Innate Abilities, Weirdness & Mutations

You are too large for most types of armour.
You have tough skin. (AC +1)


Message History

Aiming: Charm
Press: ? - help, Shift-Dir - straight line, f - vampire mosquito, p - troll
Aim: a vampire mosquito (moderately damaged, chance to affect: 49%)
The vampire mosquito resists with some effort.
The vampire mosquito bites you!
* * * LOW HITPOINT WARNING * * *
The vampire mosquito draws strength from your injuries!
The vampire mosquito closely misses you.
The boulder beetle misses your troll.
The boulder beetle stops rolling and uncurls.
Aiming: Charm
Press: ? - help, Shift-Dir - straight line, f/p - vampire mosquito
Aim: a vampire mosquito (moderately damaged, ally target, chance to affect: 49%)
The vampire mosquito resists with some effort.
The vampire mosquito barely misses you. x2
The boulder beetle bites your troll!
Your troll bites the boulder beetle but does no damage.
Your troll claws the boulder beetle but does no damage. x2
Aiming: Charm
Press: ? - help, Shift-Dir - straight line, f/p - vampire mosquito
Aim: a vampire mosquito (moderately damaged, chance to affect: 49%)
The vampire mosquito is charmed.
The boulder beetle leaps!
You swap places.
You see here a vampire mosquito corpse.
You swap places.
You swap places.
The boulder beetle leaps!
You swap places.
Your boulder beetle dissolves into shadows!
You start resting.
A boulder beetle is nearby!
You swap places.
You see here a vampire mosquito corpse.
Something barely misses your troll.
Found a book of Transfigurations. 2 yaks come into view.
Found a robe and 11 gold pieces.
You see here 2 potions of magic.
You swap places.
You swap places.
The boulder beetle bites you!
You die...

# .# #######.# ..$.....
###########....# #
#..<..T°.°°?○..# #.#
#.#.#######B○○.#...#
[.:#.#.Wy..#####......#
.......!T@............+
..)....###B##.###.....#
.###.#.# #†##.# ..[..#
...#.# #..†.# .[..?#
#.###.# ###### .!...#
.. Y.. ###### # Y$ ..


You could see a boulder beetle, a wraith, a friendly troll (charmed) and a
friendly vampire mosquito (charmed).

Vanquished Creatures
  An ogre mage (D:10)
  A boulder beetle (D:8)
  4 two-headed ogres
  Pikel (D:4)
  3 oklob plants (D:9)
  A cyclops (D:10)
  Maurice (D:8)
  2 komodo dragons (D:10)
  Maggie (D:8)
  A troll (D:9)
  Prince Ribbit (D:8)
  A shadow (D:9)
  2 wyverns
  A yak (D:10)
  A wraith (D:9)
  A vampire mosquito (D:11)
  Menkaure (D:4)
  An acid dragon (D:9)
  A floating eye (D:9)
  2 ice beasts (D:7)
  7 orc warriors
  An ogre (D:4)
  A black bear (D:4)
  A sky beast (D:7)
  A centaur (D:9)
  2 phantoms
  A lemure (D:4)
  3 bullfrogs
  A gnoll sergeant (D:8)
  3 scorpions
  10 wights
  5 killer bees (D:6)
  2 howler monkeys
  3 hounds
  2 jellies
  4 orc priests
  3 iguanas
  A sleepcap (D:6)
  4 orc wizards
  11 gnolls
  7 adders
  A white imp (D:5)
  A howler monkey simulacrum (D:10)
  An ufetubus (D:4)
  A worm (D:5)
  A dart slug (D:3)
  29 orcs
  4 endoplasms
  2 giant cockroaches
  10 goblins
  6 hobgoblins
  7 quokkas
  4 ball pythons
  4 bats
  4 frilled lizards
  7 kobolds
  8 rats
191 creatures vanquished.

Vanquished Creatures (collateral kills)
  2 vampire mosquitoes (D:11)
  A killer bee (D:6)
3 creatures vanquished.

Grand Total: 194 creatures vanquished

Notes
Turn   | Place    | Note
-------+----------+-------------------------------------------
     0 | D:1      | Ashen the Ogre Hedge Wizard began the quest for the Orb.
     0 | D:1      | Reached XP level 1. HP: 16/16 MP: 5/5
   140 | D:1      | Reached skill level 1 in Conjurations
   140 | D:1      | Reached skill level 1 in Translocations
   238 | D:1      | Reached skill level 1 in Summonings
   270 | D:1      | Reached XP level 2. HP: 24/24 MP: 2/6
  1179 | D:2      | Reached skill level 4 in Spellcasting
  1179 | D:2      | Reached XP level 3. HP: 25/32 MP: 0/8
  1274 | D:2      | Found a faded altar of an unknown god.
  1322 | D:2      | Reached skill level 1 in Fighting
  1566 | D:2      | Reached XP level 4. HP: 29/41 MP: 1/10
  1755 | D:2      | Learned a level 1 spell: Slow
  1758 | D:2      | Learned a level 2 spell: Blink
  1761 | D:2      | Learned a level 2 spell: Call Imp
  1764 | D:2      | Learned a level 2 spell: Cigotuvi's Dreadful Rot
  1768 | D:2      | Learned a level 3 spell: Mephitic Cloud
  1795 | D:2      | Identified the +0 ring mail of Hepliaklqana's Delight {rC+
                  | Will+ Str+5}
  1917 | D:2      | Reached skill level 1 in Maces & Flails
  2300 | D:3      | Reached XP level 5. HP: 48/48 MP: 8/11
  2721 | D:4      | Found a sacrificial altar of Ru.
  2874 | D:4      | Noticed a lemure
  2875 | D:4      | Noticed Pikel
  2876 | D:4      | Noticed a lemure
  2876 | D:4      | Noticed a lemure
  2877 | D:4      | Noticed a lemure
  2889 | D:4      | Killed a lemure
  2897 | D:4      | Killed Pikel
  2898 | D:4      | Reached skill level 5 in Spellcasting
  2898 | D:4      | Reached XP level 6. HP: 50/61 MP: 9/14
  2898 | D:4      | Reached XP level 7. HP: 55/67 MP: 9/15
  3258 | D:4      | Reached skill level 6 in Spellcasting
  3258 | D:4      | Reached XP level 8. HP: 76/76 MP: 14/17
  3333 | D:4      | Noticed Menkaure
  3400 | D:5      | Entered Level 5 of the Dungeon
  5302 | D:6      | Reached skill level 7 in Spellcasting
  5303 | D:6      | Reached skill level 5 in Conjurations
  5312 | D:6      | Reached XP level 9. HP: 58/87 MP: 15/19
  5438 | D:6      | Reached skill level 5 in Fighting
  6667 | D:7      | Found a staircase to the Ecumenical Temple.
  6699 | Temple   | Entered the Ecumenical Temple
  7090 | Temple   | Became a worshipper of Vehumet
  7117 | D:7      | Learned a level 2 spell: Poisonous Vapours
  7123 | D:7      | Learned a level 5 spell: Freezing Cloud
  7127 | D:7      | Learned a level 3 spell: Stone Arrow
  7172 | D:7      | Reached skill level 8 in Spellcasting
  7836 | D:8      | Noticed Prince Ribbit
  7845 | D:8      | Noticed Maurice
  7876 | D:8      | Killed Maurice
  7879 | D:8      | Killed Prince Ribbit
  7880 | D:8      | Reached XP level 10. HP: 41/100 MP: 13/22
  8096 | D:8      | Noticed Maggie
  8499 | D:8      | Noticed a two-headed ogre
  8509 | D:8      | Killed a two-headed ogre
  8510 | D:8      | Reached skill level 5 in Dodging
  8510 | D:8      | Reached skill level 9 in Spellcasting
  8510 | D:8      | Reached skill level 1 in Ice Magic
  8510 | D:8      | Reached skill level 1 in Air Magic
  8671 | D:8      | Found Zucsah's General Store.
  8676 | D:8      | Bought a scroll of fog for 44 gold pieces
  8676 | D:8      | Bought a potion of degeneration for 11 gold pieces
  8676 | D:8      | Bought a scroll of summoning for 104 gold pieces
  8794 | D:8      | Noticed a boulder beetle
  8809 | D:8      | Killed a boulder beetle
  9554 | D:9      | Found a staircase to the Orcish Mines.
  9808 | D:9      | Noticed an oklob plant
  9808 | D:9      | Noticed an oklob plant
 10139 | D:9      | Paralysed by a floating eye for 2 turns
 10171 | D:9      | Noticed an oklob plant
 10757 | D:9      | Reached * piety under Vehumet
 10757 | D:9      | Offered knowledge of Kiss of Death by Vehumet.
 11049 | D:9      | Paralysed by a floating eye for 2 turns
 11091 | D:10     | Entered Level 10 of the Dungeon
 11139 | D:10     | Noticed Urug
 11199 | D:10     | Noticed a two-headed ogre
 11245 | D:9      | Killed a two-headed ogre
 11246 | D:9      | Reached skill level 5 in Maces & Flails
 11246 | D:9      | Reached XP level 11. HP: 13/109 MP: 17/24
 11523 | Orc:1    | Entered Level 1 of the Orcish Mines
 11525 | Orc:1    | Noticed an orc sorcerer
 12082 | D:10     | Noticed a two-headed ogre
 12334 | D:10     | Killed a two-headed ogre
 12666 | D:10     | Noticed a cyclops
 12672 | D:10     | Killed a cyclops
 12673 | D:10     | Reached skill level 10 in Spellcasting
 12698 | D:10     | Noticed a green ugly thing
 12789 | D:4      | Killed Menkaure
 12922 | D:8      | Killed Maggie
 13030 | D:9      | Killed an oklob plant
 13142 | D:9      | Killed an oklob plant
 13264 | D:9      | Killed an oklob plant
 13501 | D:10     | Found a staircase to the Lair.
 13599 | D:10     | Noticed a two-headed ogre
 13617 | D:10     | Killed a two-headed ogre
 13693 | D:10     | Noticed a wizard
 13706 | D:10     | Identified the +5 long sword of Adiduq {freeze, rC+ Str-3
                  | Int+3 Stlth+}
 13706 | D:10     | Noticed an ogre mage
 13720 | D:10     | Killed an ogre mage
 13833 | D:11     | Noticed a boulder beetle
 13913 | D:11     | Slain by a boulder beetle

Illustrated notes

Levels and vault maps discovered:
D:1:      dpeg_arrival_subterranean_lakeside_camping, layout_loops_ring
D:2:      layout_rooms, hellmonk_ecumenical_altar_zigzags,
          roderic_roman_lattice, kennysheep_big_empty_room
D:3:      layout_loops_ring
D:4:      layout_basic, mainiacjoe_overflow_cross_hatched,
          nicolae_concentric_dashed_squares_mild, minivault_4, uniq_menkaure,
          uniq_pikel
D:5:      layout_basic
D:6:      layout_basic, chequers_jeans
D:7:      layout_rooms, tgw_xom, minmay_temple_entry_purple_smoke
D:8:      layout_loops_ring, serial_shops, nicolae_shop_rolling_square,
          uniq_maggie, uniq_maurice, uniq_prince_ribbit1
D:9:      layout_loops_ring, david_orc_5, disabler_island
D:10:     minmay_the_grid_triangle_9x9_rhombus_thin_mashed
          [minmay_the_grid_triangle_9x9_zippers_vertical,
          minmay_the_grid_triangle_9x9_prize_center,
          minmay_the_grid_triangle_9x9_semitri,
          minmay_the_grid_triangle_9x9_swiss_cheese], layout_loops_ring,
          david_lair_shrubbed, minivault_10, serial_park_tiny_1, uniq_urug
D:11:     layout_basic
Temple:   mainiacjoe_temple_big_plus
Orc:1:    layout_caves, uniq_gastronok

Skill      XL: |  1  2  3  4  5  6  7  8  9 10 11 |
---------------+----------------------------------+-----
Conjurations   | 1 2 3 5 6 7 8 |  8.2
Translocations | 1 |  1.0
Summonings     | 1 |  1.0
Dodging        | 2 3 4 5 6 |  6.0
Spellcasting   | 4 5 6 7 8 9 10 | 10.5
Fighting       | 1 3 4 6 7 8 |  8.1
Maces & Flails | 1 2 3 4 5 |  5.6
Stealth        | 2 3 |  3.0
Ice Magic      | 3 4 |  4.6
Air Magic      | 3 4 |  4.6

Action                     |  1- 3 |  4- 6 |  7- 9 | 10-12 || total
---------------------------+-------+-------+-------+-------++-------
  Melee: Dagger            |    49 |    52 |    97 |       ||   198
         Punch             |       |       |     4 |     3 ||     7
         Morningstar       |       |       |    47 |    66 ||   113
         Whip              |       |       |    58 |   136 ||   194
         Giant spiked club |       |       |    16 |       ||    16
   Cast: Magic Dart        |    42 |    52 |   106 |    12 ||   212
         Mephitic Cloud    |       |     4 |    45 |    52 ||   101
         Call Imp          |       |       |     5 |    10 ||    15
         Slow              |       |       |    10 |    22 ||    32
         Poisonous Vapours |       |       |     5 |    21 ||    26
         Blink             |       |       |       |     8 ||     8
         Stone Arrow       |       |       |       |    10 ||    10
         Freezing Cloud    |       |       |       |    17 ||    17
  Evoke: Wand              |       |       |       |     5 ||     5
    Use: Potion            |     1 |       |       |     5 ||     6
         Scroll            |       |       |     4 |     4 ||     8
   Stab: Sleeping          |     5 |     2 |     3 |       ||    10
         Confused          |       |     2 |    22 |     5 ||    29
 Armour: Robe              |    14 |     7 |    62 |    56 ||   139
  Dodge: Dodged            |    20 |    18 |   134 |    97 ||   269
